 Dungeon Crawl Stone Soup version 0.25.1-2-g60ff931df9 (webtiles) character file.

Game seed: 13199293634674733934

10744 Auguste the Protected (level 11, 0/153 HPs)
             Began as a Minotaur Berserker on Nov 16, 2020.
             Was a High Priest of Trog.
             Slain by a troll (2 damage)
             ... on level 1 of the Orcish Mines.
             The game lasted 00:43:10 (9966 turns).

Auguste the Protected (Minotaur Berserker)          Turns: 9966, Time: 00:43:13

Health: 0/153      AC: 29    Str: 24    XL:     11   Next: 40%
Magic:  10/10      EV:  2    Int:  4    God:    Trog [*****.]
Gold:   541        SH:  0    Dex: 11    Spells: 10/10 levels left

rFire    + . .     SeeInvis .   x - +3 spear (vamp)
rCold    + . .     Gourm    .   (no shield)
rNeg     + + +     Faith    .   (armour currently unavailable)
rPois    +         Spirit   .   (helmet currently unavailable)
rElec    +         Reflect  .   (cloak currently unavailable)
rCorr    +         Harm     .   (gloves currently unavailable)
MR       .....     NoTele   +   (boots currently unavailable)
Stlth    +++.......             v - amulet of regeneration {Al}
HPRegen  0.75/turn              h - +4 ring of protection
MPRegen  0.12/turn              l - ring of stealth

@: tree-form, resistant, berserk cooldown, slowed, very slow
A: (retaliatory headbutt)
a: Berserk, Trog's Hand, Brothers in Arms, Renounce Religion


You were on level 1 of the Orcish Mines.
You worshipped Trog.
Trog was extremely pleased with you.
You were not hungry.
You were a tree.
You visited 3 branches of the dungeon, and saw 12 of its levels.

You collected 541 gold pieces.

Inventory:

Hand Weapons
 j - a +2 mace of pain
 o - a +4 quarterstaff of chaos
 q - a +1 mace of protection
 x - a +3 vampiric spear (weapon)
 J - a +4 dire flail of holy wrath
Missiles
 b - 365 stones (quivered)
 s - 34 poisoned darts
Armour
 d - a +0 chain mail
 e - a +0 pair of gloves (melded)
 p - a +0 cloak (melded)
 u - a +0 pair of boots (melded)
 y - a +2 plate armour
 G - a +3 plate armour (melded)
Jewellery
 g - an uncursed ring of teleportation
 h - a +4 ring of protection (left branch)
 l - a ring of stealth (right branch)
 v - an amulet of regeneration (around neck) {Al}
 D - an uncursed amulet of reflection
 M - an uncursed ring of wizardry
Wands
 f - a wand of iceblast (9)
 B - a wand of random effects (20)
 L - a wand of disintegration (13)
 N - a wand of digging (2)
Scrolls
 i - 7 scrolls of remove curse
 t - 3 scrolls of teleportation
 w - a scroll of identify
 K - 3 scrolls of amnesia
 O - a scroll of fear
 R - 2 scrolls of enchant weapon
 T - a scroll of random uselessness {unknown}
 U - a scroll of magic mapping
Potions
 a - 6 potions of curing
 k - 2 potions of flight
 m - a potion of lignification
 r - a potion of ambrosia {unknown}
 z - 2 potions of haste
 A - 2 potions of brilliance {unknown}
 C - 2 potions of berserk rage
 E - a potion of magic
 H - a potion of invisibility {unknown}
 I - 3 potions of degeneration {unknown}
 P - a potion of stabbing {unknown}
 Q - 2 potions of might {unknown}
 S - a potion of mutation {unknown}
Comestibles
 c - 8 rations


   Skills:
 + Level 11.1 Fighting
   Level 4.9(9.7) Axes
 + Level 5.2(6.2) Maces & Flails
 - Level 11.6(12.0) Polearms
 + Level 1.1 Throwing
 + Level 12.3 Armour
 + Level 3.7 Dodging
 + Level 1.8 Stealth


You had 10 spell levels left.
You didn't know any spells.
Your spell library contained the following spells:

 Spells                   Type           Power        Failure   Level  Hunger
 Animate Skeleton         Necr           N/A          50%         1    ##.....
 Pain                     Necr           #...         50%         1    ##.....
 Vampiric Draining        Necr           #.........   86%         3    ####...
 Animate Dead             Necr           N/A          99%         4    #####..
 Agony                    Necr           #.......     100%        5    ######.


Dungeon Overview and Level Annotations

Branches:
Dungeon (10/15)            Temple (1/1) D:6            Lair (0/6) D:8
    Orc (1/2) D:10

Altars:
Ashenzari
Cheibriados
Dithmenos
Elyvilon
Fedhas
Gozag
Hepliaklqana
Kikubaaqudgha
Makhleb
Nemelex Xobeh
Okawaru
Qazlal
Ru
Sif Muna
Trog
Uskayaw
Vehumet
Wu Jian
Xom
Yredelemnul
Zin
The Shining One


Innate Abilities, Weirdness & Mutations

((You reflexively headbutt those who attack you in melee.))
((You have a pair of horns on your head.))


Message History

Your roots penetrate the ground.
The orc wizard hits you but does no damage.
The orc priest hits you but does no damage.
The orc wizard hits you but does no damage.
The orc priest looks encouraged for a moment.
The troll bites you but does no damage.
The troll claws you but does no damage. x2
The orc priest hits you but does no damage.
The orc wizard gestures wildly while chanting.
The orc wizard blinks!
Unknown command.
Unknown command.
Okay, then.
You are too injured to fight recklessly!
It was a potion of flight.
Your roots keep you in place.
The orc priest hits you with a +0 short sword.
* * * LOW HITPOINT WARNING * * *
The troll bites you but does no damage.
The troll claws you but does no damage. x2
The orc priest hits you but does no damage. x2
The troll bites you.
You die...

..#...#$...........
...................
.......<>..........
..........)).......
#.....$...)........
...........))#.....
.$.......§§§.......
.......#.Too§...#..
#.......§§♣§o......
#........§§§.......
.......§........
................
..#...#.#......#
..#...........#
...........##
...........##


You could see a troll, 2 orc priests and an orc wizard.

Vanquished Creatures
  A two-headed ogre (D:10)
  A deep elf mage (D:9)
  A gargoyle (D:10)
  A merfolk (D:10)
  2 trolls
  A hornet (D:10)
  Prince Ribbit (D:8)
  A spriggan (D:10)
  Sigmund (D:3)
  A human (D:10)
  9 yaks
  A steam dragon (D:9)
  Edmund (D:5)
  A water moccasin (D:9)
  2 porcupines (D:8)
  Duvessa (D:5)
  5 orc warriors
  3 black bears
  An ice beast (D:10)
  3 sky beasts
  A necrophage (D:5)
  4 ogres
  3 centaurs
  Blork the orc (D:5)
  12 bullfrogs
  2 wyvern zombies
  Dowan (D:5)
  2 scorpions
  2 water moccasin skeletons
  5 killer bees (D:9)
  7 wights (D:7)
  6 howler monkeys
  4 crimson imps
  A centaur zombie (D:8)
  3 hounds
  2 quasits
  2 gnoll shamans (D:6)
  4 orc priests
  3 centaur skeletons
  2 jellies
  10 orc wizards
  Crazy Yiuf (D:2)
  2 bullfrog skeletons
  Terence (D:2)
  4 iguanas
  6 worker ants
  A worker ant zombie (D:7)
  6 adders
  17 gnolls
  A shadow imp (D:7)
  An ooze (D:5)
  An adder skeleton (D:7)
  4 worms
  2 dart slugs
  3 leopard geckos
  22 orcs
  5 bats
  5 giant cockroaches
  8 goblins
  8 hobgoblins
  13 jackals
  5 kobolds
  7 quokkas
  A ball python (D:1)
  2 frilled lizards
  5 rats
  5 fungi (D:8)
  4 plants (D:8)
255 creatures vanquished.

Vanquished Creatures (collateral kills)
  A centaur zombie (D:9)
1 creature vanquished.

Vanquished Creatures (others)
  2 fungi (D:8)
  A plant (D:8)
3 creatures vanquished.

Grand Total: 259 creatures vanquished

Notes
Turn   | Place    | Note
-------+----------+-------------------------------------------
     0 | D:1      | Auguste the Minotaur Berserker began the quest for the Orb.
     0 | D:1      | Reached XP level 1. HP: 19/19 MP: 0/0
    76 | D:1      | You fall into a shaft and drop 1 floor!
   268 | D:2      | Reached XP level 2. HP: 21/27 MP: 1/1
   406 | D:2      | Noticed Terence
   423 | D:2      | Killed Terence
   423 | D:2      | Reached XP level 3. HP: 27/33 MP: 2/2
   478 | D:2      | Reached skill level 3 in Armour
  1057 | D:2      | Found a runed translucent door.
  1061 | D:2      | Noticed Crazy Yiuf
  1096 | D:2      | Killed Crazy Yiuf
  1096 | D:2      | Reached XP level 4. HP: 41/41 MP: 3/3
  1385 | D:1      | Reached ** piety under Trog
  2004 | D:3      | Noticed Sigmund
  2014 | D:3      | Killed Sigmund
  2014 | D:3      | Reached skill level 4 in Armour
  2014 | D:3      | Reached XP level 5. HP: 47/47 MP: 4/4
  2085 | D:3      | Reached XP level 6. HP: 55/55 MP: 5/5
  2296 | D:3      | Reached skill level 5 in Fighting
  3175 | D:4      | Reached skill level 1 in Polearms
  3357 | D:4      | Found a shadowy altar of Dithmenos.
  3397 | D:4      | Reached skill level 5 in Maces & Flails
  3397 | D:4      | Reached XP level 7. HP: 56/61 MP: 6/6
  3469 | D:4      | Reached *** piety under Trog
  4218 | D:4      | Reached skill level 5 in Armour
  4285 | D:5      | Entered Level 5 of the Dungeon
  4377 | D:5      | Noticed Edmund
  4398 | D:5      | Killed Edmund
  4398 | D:5      | Reached skill level 1 in Stealth
  4456 | D:5      | Reached skill level 5 in Polearms
  4456 | D:5      | Reached XP level 8. HP: 69/69 MP: 7/7
  4490 | D:5      | Noticed Blork the orc
  4506 | D:5      | Killed Blork the orc
  4757 | D:5      | Noticed Duvessa
  4757 | D:5      | Noticed Dowan
  4764 | D:5      | Killed Duvessa
  4769 | D:5      | Killed Dowan
  4769 | D:5      | Reached skill level 6 in Armour
  5210 | D:6      | Found a staircase to the Ecumenical Temple.
  5246 | Temple   | Entered the Ecumenical Temple
  5558 | D:6      | Reached **** piety under Trog
  5697 | D:6      | Reached skill level 7 in Armour
  5711 | D:6      | Reached XP level 9. HP: 76/78 MP: 8/8
  7083 | D:7      | Reached skill level 8 in Armour
  7321 | D:8      | Reached skill level 10 in Polearms
  7383 | D:8      | Reached ***** piety under Trog
  7383 | D:8      | Reached XP level 10. HP: 88/88 MP: 9/9
  7463 | D:8      | Found a staircase to the Lair.
  7565 | D:8      | Noticed Prince Ribbit
  7580 | D:8      | Killed Prince Ribbit
  7966 | D:8      | Found an opulent altar of Gozag.
  7967 | D:8      | Found an ancient bone altar of Kikubaaqudgha.
  7970 | D:8      | Found a shimmering blue altar of Sif Muna.
  7971 | D:8      | Found a glowing silver altar of Zin.
  7971 | D:8      | Found a white marble altar of Elyvilon.
  7972 | D:8      | Found a radiant altar of Vehumet.
  8220 | D:9      | Reached skill level 9 in Armour
  8400 | D:9      | Reached skill level 10 in Armour
  8567 | D:9      | Noticed a deep elf mage
  8577 | D:9      | Killed a deep elf mage
  9095 | D:10     | Entered Level 10 of the Dungeon
  9141 | D:10     | Reached skill level 11 in Armour
  9146 | D:10     | Reached skill level 10 in Fighting
  9160 | D:10     | Reached XP level 11. HP: 100/100 MP: 10/10
  9524 | D:10     | Reached skill level 1 in Throwing
  9545 | D:10     | Noticed a two-headed ogre
  9564 | D:10     | Killed a two-headed ogre
  9564 | D:10     | Reached skill level 12 in Armour
  9877 | D:10     | Found a staircase to the Orcish Mines.
  9902 | Orc:1    | Entered Level 1 of the Orcish Mines
  9964 | Orc:1    | HP: 2/102 [troll (7)]
  9966 | Orc:1    | Slain by a troll

Illustrated notes

Levels and vault maps discovered:
D:1:      dpeg_arrival_signposts, layout_loops_cross, dk_noncrumbling_2
D:2:      layout_loops_ring, kennysheep_another_room, uniq_crazy_yiuf_cottage,
          uniq_terence
D:3:      layout_basic, uniq_sigmund
D:4:      layout_basic, nicolae_dithmenos_the_darkroom, first_ration
D:5:      layout_loops_ring, solitary_fountain, uniq_duvessa,
          uniq_blork_the_orc, uniq_edmund
D:6:      layout_basic, minmay_temple_entry_metal_lava
D:7:      layout_loops_ring, eino_small_chamber_without_monster
D:8:      layout_loops_ring, grunt_temple_overflow_open,
          due_lair_maze_entry_diamond, uniq_prince_ribbit1
D:9:      layout_loops_ring
D:10:     layout_basic, orc_0_dummy, hangedman_stone_soup, dk_noncrumbling_4
Temple:   eino_wide_crystal_templ
Orc:1:    layout_caves, mines_bat_river

Skill      XL: |  1  2  3  4  5  6  7  8  9 10 11 |
---------------+----------------------------------+-----
Fighting       | 4 5 6 8 10 11 | 11.1
Axes           | 4 |  4.9
Armour         | 3 4 5 7 8 11 12 | 12.3
Maces & Flails | 3 5 |  5.2
Polearms       | 2 5 8 10 11 | 11.6
Stealth        | 1 |  1.8
Dodging        | 3 |  3.7
Throwing       | 1 |  1.1

Action                   |  1- 3 |  4- 6 |  7- 9 | 10-12 || total
-------------------------+-------+-------+-------+-------++-------
Melee: Hand axe          |    71 |       |       |       ||    71
       Headbutt          |    10 |    18 |    90 |   116 ||   234
       Mace              |       |    88 |       |       ||    88
       Spear             |       |    47 |   459 |   467 ||   973
Throw: Stone             |       |     5 |     8 |     5 ||    18
Invok: Berserk           |     2 |     3 |     7 |     5 ||    17
       Brothers in Arms  |       |       |       |     1 ||     1
  Use: Scroll            |       |       |    11 |     6 ||    17
       Potion            |       |       |       |     5 ||     5
  Eat: Chunk             |     1 |     8 |     9 |     7 ||    25
       Ration            |     1 |       |     3 |     2 ||     6
Armor: Chain mail        |    39 |    46 |       |       ||    85
       Plate armour      |       |    45 |   226 |   316 ||   587
       Skin              |       |       |       |    12 ||    12
Dodge: Dodged            |    33 |    53 |   115 |   169 ||   370
